Map: Pillars of Gold LE

Players

Namshar - Winner!

  • Race: Zerg Zerg
  • League: Grandmaster
  • Spawn Location: 1:00

MaSa

  • Race: Terran Terran
  • League: Master
  • Spawn Location: 7:00

Event: DreamHack SC2 Masters 2020 Winter

VOD

Have the link to the VOD?

Description

Time

  • Played on: Oct. 28, 2020, 6:08 p.m.
  • Length: 13:27

All games in this series

Show
View Real Time Build Order
Export as new Build Order

Namshar Zerg - Winner!

Build Orders: Hatch First 

Get SALT Encoding   

  12  0:00  Drone  
  13  0:12  Overlord  
  13  0:17  Drone  
  14  0:30  Drone x2  
  16  0:49  Hatchery  
  15  0:52  Drone  
  17  0:57  Drone  
  17  1:00  Drone  
  18  1:10  Extractor  
  17  1:15  Spawning Pool  
  16  1:19  Drone  
  16  1:22  Drone  
  18  1:31  Overlord  
  19  1:57  Extractor  
  19  2:00  Extractor  
  17  2:03  Queen, Roach Warren  
  17  2:04  Zergling x6  
  21  2:20  Overlord  
  21  2:50  Roach x3  
  21  2:51  Roach x2  
  28  2:59  Roach  
  28  3:03  Roach  
  32  3:12  Roach  
  34  3:18  Ravager  
  33  3:40  Drone  
  30  3:42  Overlord  
  30  4:00  Hatchery  
  30  4:02  Drone  
  30  4:07  Ravager  
  30  4:08  Ravager  
  32  4:11  Drone  
  32  4:16  Drone  
  35  4:17  Drone  
  35  4:27  Ravager  
  36  4:34  Overlord  
  36  4:36  Queen  
  38  4:57  Overlord  
  38  4:58  Drone x2  
  40  5:07  Ravager  
  41  5:11  Overlord  
  41  5:13  Drone  
  42  5:14  Metabolic Boost  
  42  5:19  Drone  
  42  5:20  Drone  
  44  5:23  Drone  
  44  5:26  Drone  
  44  5:27  Drone  
  47  5:34  Drone x2  
  49  5:49  Hatchery  
  48  5:54  Drone x2  
  48  5:55  Drone  
  51  5:59  Pneumatized Carapace  
  51  6:03  Drone  
  52  6:13  Overlord  
  52  6:14  Drone x2  
  54  6:19  Queen  
  54  6:21  Overlord  
  56  6:28  Spore Crawler  
  56  6:29  Spore Crawler  
  54  6:33  Drone  
  54  6:36  Overlord  
  55  6:43  Overlord  
  55  6:45  Drone  
  55  6:46  Drone  
  57  6:47  Drone x3  
  57  6:53  Queen  
  62  6:55  Queen  
  64  7:04  Drone x2  
  64  7:05  Queen  
  64  7:06  Drone x3  
  64  7:07  Drone  
  73  7:08  Drone  
  73  7:12  Drone x2  
  73  7:15  Spore Crawler  
  74  7:23  Extractor  
  74  7:26  Drone x4, Extractor  
  74  7:28  Overlord x2  
  76  7:31  Drone x2  
  76  7:35  Lair  
  75  7:45  Overlord x3  
  75  8:00  Drone x3  
  75  8:03  Drone  
  75  8:04  Drone x7  
  83  8:15  Drone x5  
  87  8:22  Drone x5  
  92  8:28  Evolution Chamber x2, Baneling Nest  
  89  8:40  Drone, Spire  
  89  8:41  Drone x4, Extractor x2  
  92  8:42  Drone, Hatchery  
  92  8:44  Drone  
  92  8:58  Zerg Ground Armor Level 1, Zerg Melee Weapons Level 1  
  92  9:01  Drone  
  93  9:03  Overlord x2  
  93  9:06  Overlord x2  
  93  9:11  Centrifical Hooks  
  93  9:12  Zergling x12  
  99  9:19  Zergling x12  
  105  9:29  Overseer  
  105  9:30  Queen  
  107  9:34  Drone x7  
  113  9:43  Drone x6  
  117  9:49  Overlord x2  
  116  9:56  Baneling, Zerg Flyer Weapons Level 1  
  116  9:57  Baneling x11  
  116  9:58  Zergling x2  
  117  10:00  Zergling x2  
  117  10:01  Zergling x2  
  117  10:02  Zergling x2  
  120  10:07  Zergling x8  
  124  10:15  Zergling x16  
  132  10:22  Zergling x8  
  136  10:29  Overseer x2  
  136  10:34  Mutalisk  
  136  10:35  Mutalisk x6  
  146  10:40  Mutalisk x2  
  150  10:47  Extractor  
  149  10:52  Hatchery  
  149  10:55  Mutalisk x2  
  152  10:57  Mutalisk  
  152  10:59  Drone  
  152  11:00  Drone x2  
  152  11:03  Overlord x2  
  152  11:04  Overlord x3  
  157  11:08  Baneling x6  
  157  11:14  Zergling x6  
  158  11:21  Overlord  
  158  11:26  Zergling x2  
  158  11:27  Zergling x22  
  158  11:28  Baneling x10  
  167  11:51  Zergling x18  
  162  11:57  Drone  
  162  11:59  Infestation Pit  
  161  12:01  Drone x2  
  161  12:02  Drone x5  
  161  12:03  Baneling x11  
  161  12:04  Zergling x4  
  161  12:08  Zergling x4  
  172  12:16  Zergling x2  
  172  12:17  Zergling x6  
  172  12:18  Baneling x6  
  172  12:20  Queen  
  172  12:22  Mutalisk x2  
  182  12:35  Mutalisk x2  
  177  12:47  Zergling x34  
  187  12:55  Zergling x2  
  187  12:56  Zergling x14  
  187  12:57  Baneling x11  
  192  13:00  Zergling x2  
  192  13:01  Zergling x6  
  192  13:05  Zergling x2  
Show
View Real Time Build Order
Export as new Build Order

MaSa Terran 

Build Orders:  

Get SALT Encoding   

  12  0:00  SCV  
  13  0:12  SCV  
  14  0:18  Supply Depot  
  14  0:24  SCV  
  15  0:40  Barracks  
  15  0:51  Barracks  
  15  0:56  SCV  
  16  1:08  SCV  
  17  1:26  Marine  
  17  1:27  Orbital Command  
  18  1:35  Supply Depot  
  18  1:41  Marine  
  18  1:44  Marine, Bunker  
  20  1:55  Bunker  
  20  1:57  Bunker  
  20  1:59  SCV  
  21  2:03  Marine  
  21  2:07  Marine  
  23  2:12  Refinery  
  23  2:16  SCV  
  23  2:21  Marine  
  25  2:25  Marine  
  26  2:31  SCV  
  26  2:34  Refinery  
  27  2:47  Marine  
  27  2:50  SCV  
  28  2:56  Marine  
  28  2:57  Supply Depot  
  28  3:05  Marine  
  29  3:07  SCV  
  29  3:12  Factory  
  30  3:14  Marine  
  31  3:23  Marine  
  30  3:31  Bunker  
  29  3:39  SCV  
  24  3:50  Bunker  
  24  3:51  SCV  
  25  3:56  Starport, Factory Tech Lab  
  25  4:03  Bunker, SCV  
  26  4:15  SCV, Cyclone  
  30  4:28  SCV  
  31  4:33  Viking  
  33  4:41  Supply Depot  
  33  5:02  Command Center  
  33  5:10  Starport Tech Lab  
  33  5:18  Barracks Reactor  
  33  5:22  Supply Depot  
  33  5:32  Cloaking Field  
  33  5:44  SCV, Banshee  
  37  5:52  Command Center  
  37  5:56  SCV  
  39  6:01  Supply Depot  
  38  6:08  SCV  
  39  6:13  Siege Tank  
  39  6:15  Marine x2  
  44  6:20  SCV  
  45  6:26  Banshee  
  48  6:33  SCV, Marine  
  48  6:34  Marine  
  51  6:47  Orbital Command  
  49  6:48  SCV  
  49  6:53  Bunker  
  50  7:00  SCV  
  51  7:03  Factory Reactor  
  51  7:04  Orbital Command  
  51  7:07  Barracks  
  51  7:12  Marine, SCV  
  51  7:13  Stimpack  
  53  7:16  SCV  
  54  7:24  SCV  
  54  7:27  Banshee  
  54  7:28  SCV, Marine  
  60  7:30  Marine  
  60  7:32  SCV  
  60  7:33  Marine  
  60  7:36  SCV  
  64  7:41  SCV  
  65  7:44  Engineering Bay  
  65  7:45  SCV  
  65  7:46  Marine, Engineering Bay  
  65  7:48  SCV  
  68  7:53  SCV  
  69  8:00  SCV  
  70  8:14  SCV  
  71  8:22  SCV  
  71  8:23  Starport Reactor  
  71  8:24  Terran Infantry Armor Level 1, Terran Infantry Weapons Level 1  
  71  8:25  Marine x5, Refinery  
  71  8:26  Siege Tank, Refinery, Supply Depot  
  77  8:28  Barracks  
  77  8:30  Barracks, Orbital Command  
  77  8:34  Supply Depot  
  77  8:37  Supply Depot  
  77  8:48  SCV x2  
  79  8:51  Marine x5  
  84  8:56  SCV  
  84  9:00  SCV x2, Siege Tank  
  84  9:02  Supply Depot  
  90  9:03  Combat Shield, Medivac x2  
  90  9:08  SCV  
  90  9:09  Marine x2  
  97  9:12  Marine x3  
  100  9:17  SCV  
  100  9:18  Supply Depot  
  100  9:19  Supply Depot  
  100  9:21  Barracks Reactor  
  100  9:23  SCV  
  102  9:25  SCV  
  102  9:29  Marine x2, SCV  
  102  9:30  Barracks Reactor  
  102  9:31  Marine x3  
  109  9:39  Medivac x2  
  109  9:43  SCV  
  114  9:47  SCV  
  115  9:55  Marine x4  
  115  9:57  Siege Tank  
  115  9:59  Marine  
  122  10:00  Marine x2  
  125  10:10  Supply Depot  
  125  10:12  Supply Depot  
  125  10:13  Marine x3  
  125  10:14  Medivac, SCV x3  
  133  10:16  Supply Depot  
  133  10:17  Armory, Supply Depot  
  133  10:31  Marine x6, SCV x2  
  133  10:34  Siege Tank  
  144  10:45  Barracks  
  144  10:47  Barracks  
  144  10:48  Barracks  
  144  10:49  Marine x4  
  147  10:50  Marine  
  147  10:55  SCV x3  
  147  10:57  Marine x2  
  152  10:59  Marine x2  
  156  11:05  Medivac x2  
  160  11:12  Siege Tank, Marine  
  160  11:13  Marine  
  154  11:21  Missile Turret  
  154  11:22  Missile Turret  
  154  11:23  Marine x3, Missile Turret  
  148  11:26  Marine  
  148  11:27  Marine x2  
  151  11:33  Marine  
  151  11:35  Medivac  
  151  11:37  Marine x2  
  156  11:40  Marine  
  156  11:41  Marine x2  
  156  11:46  Marine  
  156  11:47  Marine x3  
  156  11:51  Marine  
  146  11:54  Marine  
  146  11:55  Marine x2  
  146  11:58  Marine x2  
  146  11:59  Marine  
  152  12:03  Siege Tank  
  152  12:04  Marine x3  
  152  12:05  Marine, Medivac  
  161  12:09  Marine  
  161  12:12  Marine x2  
  161  12:13  Marine  
  161  12:16  Marine x2  
  161  12:17  Marine  
  161  12:22  Marine  
  165  12:29  Orbital Command  
  165  12:39  Supply Depot  
  165  12:40  Supply Depot  
  165  12:42  Marine x3  
  165  12:43  Marine x2  
  165  12:44  Marine x2  
  165  12:45  Marine  
  165  12:46  Marine x3  
  139  12:59  Marine x2  
  139  13:00  Marine x2  
  139  13:01  Marine x2  
  139  13:02  Marine  
  139  13:03  Marine x4  
Tags
 
Add a new tag
Caveats
  • Supply blocks, unpowered buildings, or Contaminate may cause inaccurate times.
  • Supply counts are checked every 10 seconds.